 Dungeon Crawl Stone Soup version 0.28-a0-863-g8cecda6153 (webtiles) character file.

Game seed: 7909094533589033344

415 kae the Insei (level 6, -3/50 HPs)
             Began as a Draconian Transmuter on Nov 18, 2021.
             Succumbed to a scorpion's poison
             ... on level 5 of the Dungeon.
             The game lasted 00:02:48 (4668 turns).

kae the Insei (Draconian Transmuter)                Turns: 4668, Time: 00:02:48

Health: -3/50      AC:  2    Str: 12    XL:     6   Next: 60%
Magic:  7/10       EV: 20    Int: 21    God:
Gold:   157        SH:  0    Dex: 17    Spells: 7/11 levels left

rFire   . . .      SeeInvis .     - Unarmed
rCold   . . .      Faith    .   (shield currently unavailable)
rNeg    . . .      Spirit   .   (armour unavailable)
rPois   x          Reflect  .   (helmet currently unavailable)
rElec   .          Harm     .   (cloak currently unavailable)
rCorr   .          Rampage  .   (gloves currently unavailable)
Will    .....                   (boots currently unavailable)
Stlth   ++........              (no amulet)
HPRegen 0.16/turn               g - +6 ring of intelligence
MPRegen 0.12/turn               (no ring)

@: lethally poisoned (-3 -> -33), spider-form (expiring)
A: venomous fangs, AC +6, tiny, unfitting armour, (cold-blooded)
a: End Transformation


You were on level 5 of the Dungeon.
You were a venomous arachnid creature.
You visited 1 branch of the dungeon, and saw 5 of its levels.

You collected 157 gold pieces.

Inventory:

Armour
 c - a +0 pair of boots (melded)
Jewellery
 g - a +6 ring of intelligence (left front leg)
 m - a ring of protection from cold
Wands
 f - a wand of flame (11)
 h - a wand of digging (6)
Scrolls
 d - 2 scrolls of identify
 e - 2 scrolls of brand weapon
 k - 2 scrolls of immolation
Potions
 a - 3 potions of resistance
 b - 2 potions of curing
 i - a potion of flight
 j - a potion of magic


   Skills:
 + Level 2.9 Fighting
 + Level 2.9 Dodging
 + Level 4.2 Unarmed Combat
 + Level 3.0 Spellcasting
 * Level 4.0 Transmutations
 - Level 2.0 Poison Magic


You had 7 spell levels left.
You knew the following spells:

 Your Spells              Type           Power      Damage    Failure   Level
a - Beastly Appendage     Tmut           40%        N/A       10%         1
b - Spider Form           Tmut/Pois      15%        N/A       28%         3

Your spell library contained the following spells:

 Spells                   Type           Power      Damage    Failure   Level
 Wereblood                Tmut           20%        N/A       12%         2
 Passwall                 Tmut/Erth      9%         N/A       22%         2
 Swiftness                Air            3%         N/A       58%         3
 Ice Form                 Ice/Tmut       11%        N/A       71%         4


Dungeon Overview and Level Annotations

Branches:
Dungeon (4/15)
 Temple: D:4-7

Altars:
Fedhas
Makhleb
Vehumet
Wu Jian


Innate Abilities, Weirdness & Mutations

You are a venomous arachnid creature.
You have poisonous fangs.
You are tiny and dextrous.
Your spellcasting is less reliable in this form.
Your armour is entirely melded.
You are incapable of wielding weapons or throwing items.
((Your plain brown scales are hard. (AC +6)))
You cannot fit into any form of body armour.
((You are cold-blooded and may be slowed by cold attacks.))


Message History

The ogre misses you.
You see here a +0 mace.
You hit the ogre.
You kill the ogre!
Your Spellcasting skill increases to level 3!
Your Transmutations skill increases to level 4!
Things that are here:
a +0 giant club; a +0 mace Your transformation has ended.
Your +0 pair of boots unmelds from your body.
A scorpion comes into view.
A scorpion is nearby!
A scorpion is nearby!
Casting: Spider Form (dangerous; 12% risk of failure)
Confirm with . or Enter, or press ? or * to list all spells.
You turn into a venomous arachnid creature.
Your +0 pair of boots melds into your body.
You are too injured to fight recklessly!
You are too injured to fight recklessly!
You are too injured to fight recklessly!
You are too injured to fight recklessly!
You barely miss the scorpion. The scorpion stings you.
You are poisoned.
The scorpion poisons you! The scorpion stings you.
You hit the scorpion.
The scorpion is poisoned.
The scorpion is lightly wounded.
You feel very sick. The scorpion stings you!
* * * LOW HITPOINT WARNING * * *
You are more poisoned.
The scorpion poisons you!
You hit the scorpion.
The scorpion looks even sicker.
The scorpion is heavily wounded.
* * * LOW HITPOINT WARNING * * *
You feel extremely sick. The scorpion barely misses you.
You hit the scorpion but do no damage.
The scorpion looks as sick as possible!
The scorpion is heavily wounded.
Your transformation is almost over.
You die...

##### ##... ...
#.# .. #.# .# #
#s# .#.# #s# .#.
#.# .. #.# .#
#.##.####.#.####
#...............
###..#.##†##..##
#..#.# ...
#...$. ....#


You could see a scorpion (extremely poisoned).

Vanquished Creatures
  Pargi (D:4)
  An ogre (D:5)
  A bullfrog skeleton (D:4)
  A centaur skeleton (D:4)
  An iguana (D:5)
  7 adders
  An adder skeleton (D:4)
  4 dart slugs
  6 orcs
  4 endoplasms
  2 goblins
  12 hobgoblins
  8 jackals
  3 quokkas
  4 ball pythons
  4 bats
  2 frilled lizards
  9 kobolds
  4 rats
75 creatures vanquished.

Notes
Turn   | Place    | Note
-------+----------+-------------------------------------------
     0 | D:1      | kae the Draconian Transmuter began the quest for the Orb.
     0 | D:1      | Reached XP level 1. HP: 16/16 MP: 3/3
   139 | D:1      | Reached XP level 2. HP: 15/23 MP: 3/5
  1008 | D:1      | Reached XP level 3. HP: 28/28 MP: 6/6
  1012 | D:1      | Learned a level 3 spell: Spider Form
  1076 | D:1      | Found a faded altar of an unknown god.
  1669 | D:2      | Reached skill level 1 in Poison Magic
  1924 | D:2      | Reached XP level 4. HP: 36/36 MP: 5/7
  2405 | D:3      | Found an ornate altar of the Wu Jian Council.
  2431 | D:3      | Found a radiant altar of Vehumet.
  3024 | D:3      | Found a burning altar of Makhleb.
  3426 | D:4      | Noticed a phantom
  3683 | D:4      | Found a blossoming altar of Fedhas.
  3857 | D:4      | Reached XP level 5. HP: 41/41 MP: 6/8
  4139 | D:4      | Noticed Pargi
  4162 | D:4      | HP: 1/41 [Pargi (3)]
  4167 | D:4      | Killed Pargi
  4168 | D:4      | Reached XP level 6. HP: 14/50 MP: 3/10
  4417 | D:4      | You fall into a shaft and drop 1 floor!
  4417 | D:5      | Entered Level 5 of the Dungeon
  4667 | D:5      | HP: 2/50 [poisoned by a scorpion]
  4668 | D:5      | Succumbed to a scorpion's poison

Illustrated notes

Levels and vault maps discovered:
D:1:      grunt_arrival_crossed_arrows, layout_loops_ring,
          shapermc_ecumenical_altar_mp_highgroup
D:2:      layout_loops_cross, st_stairs_10, nicolae_figureground_pulse
D:3:      layout_loops_cross, mainiacjoe_overflow_tiny_flanked,
          vehumet_altar_wand_db, lightli_temple_of_fire
D:4:      minmay_inner_zag, layout_gridville, fedhas_ov_isle_minmay, uniq_pargi,
          uniq_eustachio
D:5:      layout_loops_ring, nicolae_uskayaw_murder_on_the_dancefloor,
          lemuel_crystal_altar, gammafunk_ghost_necromancy, minmay_bent

Skill      XL: |  1  2  3  4  5  6 |
---------------+-------------------+-----
Dodging        | 2 |  2.9
Poison Magic   | 1 2 |  2.0
Fighting       | 2 |  2.9
Transmutations | 3 4 |  4.0
Unarmed Combat | 4 |  4.2
Spellcasting   | 3 |  3.0

Action                   |  1- 3 |  4- 6 || total
-------------------------+-------+-------++-------
Melee: Unarmed           |   127 |   145 ||   272
       Kick              |    19 |    17 ||    36
       Tailslap          |     7 |    12 ||    19
       Headbutt          |    15 |    11 ||    26
       Punch             |     1 |     1 ||     2
 Cast: Beastly Appendage |    21 |    22 ||    43
       Spider Form       |       |     7 ||     7
  Use: Potion            |     1 |     1 ||     2
       Scroll            |     2 |     7 ||     9
 Stab: Sleeping          |     1 |       ||     1
Armor: Skin              |    46 |    39 ||    85
Dodge: Dodged            |   122 |   128 ||   250

Table legend: (Time is in decaauts)
 A = Elapsed time spent in this place.
 B = Non-inter-level travel time spent in this place.
 C = Inter-level travel time spent in this place.
 D = Time resting spent in this place.
 E = Time spent auto-exploring this place.
 F = Levels seen in this place.
 G = Mean time per level.
                   A        B        C        D        E       F      G
               +--------+--------+--------+--------+--------+-----+--------+
         Total |   4652 |   4563 |     89 |      9 |   3820 |   5 |  930.4 |
       Dungeon |   4652 |   4563 |     89 |      9 |   3820 |   5 |  930.4 |
               +--------+--------+--------+--------+--------+-----+--------+

Top non-repeatable levels by time:
     D:2: 1285 daAuts
     D:1: 1282 daAuts
     D:3: 1002 daAuts
     D:4: 833 daAuts
     D:5: 248 daAuts
